Map: Prion Terraces

Players

viOLet

  • Race: Protoss Protoss
  • League: Grandmaster

xKawaiian - Winner!

  • Race: Terran Terran
  • League: Master

VOD

Have the link to the VOD?

Description

Time

  • Played on: Jan. 13, 2016, 8:50 p.m.
  • Length: 7:24
Show
View Real Time Build Order
Export as new Build Order

viOLet Protoss 

Build Orders: Phoenix Opening 

Get SALT Encoding   

  12  0:01  Probe (Chrono Boost)  
  13  0:11  Probe (Chrono Boost)  
  14  0:17  Pylon  
  14  0:22  Probe (Chrono Boost)  
  15  0:36  Probe (Chrono Boost)  
  15  0:37  Gateway  
  16  0:46  Probe (Chrono Boost)  
  16  0:47  Assimilator  
  18  0:57  Probe (Chrono Boost)  
  18  1:07  Probe (Chrono Boost)  
  19  1:11  Pylon  
  19  1:18  Probe (Chrono Boost)  
  20  1:24  Cybernetics Core  
  20  1:33  Probe (Chrono Boost), Assimilator  
  21  1:44  Probe (Chrono Boost)  
  22  1:53  Pylon  
  22  1:54  Probe (Chrono Boost)  
  22  2:00  Adept (Chrono Boost), Warp Gate  
  24  2:05  Probe  
  25  2:19  Probe (Chrono Boost)  
  25  2:22  Nexus  
  26  2:29  Stargate  
  26  2:33  Probe (Chrono Boost)  
  27  2:39  Adept  
  30  2:44  Probe (Chrono Boost)  
  30  2:54  Probe (Chrono Boost)  
  31  3:05  Probe (Chrono Boost)  
  32  3:09  Adept  
  32  3:11  Pylon  
  34  3:13  Phoenix (Chrono Boost)  
  34  3:18  Mothership Core  
  38  3:35  Phoenix (Chrono Boost)  
  38  3:39  Adept  
  40  3:45  Probe  
  40  3:46  Probe  
  42  3:52  Pylon  
  42  3:57  Phoenix (Chrono Boost)  
  42  3:58  Pylon  
  44  4:09  Probe  
  44  4:10  Probe  
  46  4:17  Adept  
  46  4:18  Phoenix (Chrono Boost)  
  46  4:20  Probe  
  46  4:23  Probe  
  52  4:30  Probe  
  52  4:35  Probe  
  54  4:41  Probe  
  51  4:50  Adept  
  45  4:54  Gateway x2, Void Ray (Chrono Boost)  
  49  5:01  Pylon  
  49  5:03  Pylon  
  49  5:25  Adept  
  49  5:29  Pylon x2  
  49  5:31  Void Ray (Chrono Boost)  
  53  5:48  Gateway  
  53  5:50  Gateway  
  53  5:51  Pylon  
  53  5:54  Adept x2  
  53  5:55  Sentry  
  51  6:18  Adept x3  
  51  6:27  Void Ray (Chrono Boost)  
  49  6:45  Adept x4  
  49  6:47  Zealot  
  47  7:09  Adept x4  
Show
View Real Time Build Order
Export as new Build Order

xKawaiian Terran - Winner!

Build Orders: Cyclone Opening 

Get SALT Encoding   

  12  0:00  SCV  
  13  0:13  SCV  
  14  0:17  Supply Depot  
  14  0:25  SCV  
  15  0:39  SCV  
  15  0:40  Barracks  
  16  0:51  SCV  
  16  0:54  Refinery x2  
  17  1:03  SCV  
  18  1:15  SCV  
  19  1:26  Marine  
  19  1:28  Supply Depot, Orbital Command  
  20  1:44  Marine  
  21  1:50  Factory  
  21  1:54  SCV  
  22  2:02  Marine  
  22  2:06  SCV  
  24  2:10  Supply Depot  
  24  2:18  SCV  
  24  2:20  Marine  
  26  2:30  SCV  
  26  2:35  Factory Tech Lab, Starport  
  27  2:38  Marine  
  27  2:44  SCV, Supply Depot  
  29  2:53  Supply Depot  
  29  2:54  Cyclone  
  29  2:56  SCV  
  29  2:58  Marine  
  33  3:01  Liberator  
  34  3:08  SCV  
  34  3:10  Barracks  
  38  3:23  Marine  
  38  3:24  SCV  
  40  3:39  Siege Tank  
  43  3:43  Marine  
  44  3:54  Supply Depot  
  44  3:56  Supply Depot  
  44  3:57  Marine  
  44  4:01  Marine  
  46  4:03  Medivac  
  46  4:04  Barracks  
  48  4:18  Marine  
  49  4:24  Marine  
  49  4:26  Siege Tank  
  53  4:36  Marine  
  54  4:39  Liberator  
  54  4:42  Marine  
  49  4:54  Marine x2  
  54  5:00  Marine  
  54  5:02  Hellion  
  57  5:12  Marine x2  
  59  5:18  Marine  
  60  5:22  SCV  
  60  5:23  Siege Tank  
  64  5:29  Marine  
  64  5:30  Marine  
  66  5:35  Marine  
  66  5:38  Supply Depot  
  66  5:39  Supply Depot  
  66  5:52  Marine x2  
  66  5:55  Siege Tank  
  71  6:04  Liberator  
  71  6:10  Marine  
  66  6:13  Marine  
  66  6:14  Marine  
  68  6:28  Marine  
  69  6:34  Marine x2  
  69  6:44  Supply Depot  
  65  7:06  Marine  
Tags
 
Add a new tag
Caveats
  • Supply blocks, unpowered buildings, or Contaminate may cause inaccurate times.
  • Supply counts are checked every 10 seconds.